Map: Champs de mort CE

Players

Alexandre - Winner!

  • Race: Protoss Protoss

PowliOP - Winner!

  • Race: Zerg Zerg

КривыеРуки

  • Race: Terran Terran
  • League: Silver

Iron

  • Race: Terran Terran

VOD

Have the link to the VOD?

Description

Time

  • Played on: Sept. 15, 2026, 10:20 a.m.
  • Length: 5:43
Show
View Real Time Build Order
Export as new Build Order

Alexandre Protoss - Winner!

Build Orders:  

Get SALT Encoding   

  8  0:01  Probe  
  9  0:17  Probe (Chrono Boost)  
  11  0:29  Probe (Chrono Boost)  
  11  0:34  Pylon  
  11  0:36  Probe (Chrono Boost)  
  12  0:45  Probe  
  13  1:01  Gateway  
  13  1:02  Probe  
  14  1:16  Probe (Chrono Boost)  
  15  1:21  Assimilator  
  15  1:24  Assimilator  
  15  1:28  Probe (Chrono Boost)  
  16  1:37  Probe (Chrono Boost)  
  17  1:45  Probe  
  18  1:56  Cybernetics Core  
  18  1:57  Probe  
  18  1:59  Gateway  
  19  2:13  Probe  
  20  2:41  Nexus  
  20  2:49  Pylon  
  20  3:06  Stalker (Chrono Boost)  
  20  3:10  Pylon  
  24  3:14  Stalker (Chrono Boost)  
  24  3:16  Probe  
  25  3:25  Stalker  
  27  3:29  Probe  
  28  3:40  Stalker  
  30  3:41  Gateway  
  30  4:00  Stalker  
  30  4:26  Stalker  
  30  4:43  Stalker x2  
  34  4:55  Stalker  
  36  5:12  Stalker  
  36  5:13  Stalker  
  34  5:26  Stargate  
  36  5:31  Stargate  
  36  5:35  Pylon  
  38  5:39  Assimilator  
  38  5:41  Assimilator  
Show
View Real Time Build Order
Export as new Build Order

PowliOP Zerg - Winner!

Build Orders: Pool First 

Get SALT Encoding   

  8  0:00  Drone  
  9  0:11  Drone  
  10  0:18  Drone  
  11  0:28  Overlord  
  11  0:45  Drone  
  11  0:46  Drone  
  11  0:47  Drone  
  14  0:56  Drone  
  15  1:06  Extractor, Drone  
  15  1:13  Spawning Pool  
  14  1:19  Drone  
  15  1:30  Drone  
  16  1:47  Hatchery  
  16  1:50  Drone  
  16  1:58  Drone x2  
  18  2:14  Roach Warren  
  18  2:15  Drone  
  18  2:21  Metabolic Boost  
  18  2:27  Drone  
  19  2:33  Overlord  
  19  2:51  Queen  
  21  2:54  Roach  
  21  2:57  Roach  
  25  3:10  Roach x2  
  29  3:16  Ravager  
  30  3:27  Roach  
  32  3:43  Overlord x2  
  32  3:58  Overlord  
  32  4:01  Zergling x2  
  32  4:02  Zergling x6  
  36  4:14  Ravager  
  37  4:40  Ravager  
  36  4:49  Zergling x10  
  36  4:50  Zergling x4  
  42  5:07  Zergling x6  
  42  5:13  Drone  
  46  5:17  Drone  
Show
View Real Time Build Order
Export as new Build Order

КривыеРуки Terran 

Build Orders: Reaper Expand 

Get SALT Encoding   

  8  0:01  SCV  
  9  0:13  SCV  
  10  0:26  SCV  
  11  0:31  Supply Depot  
  11  0:38  SCV  
  12  0:51  SCV  
  13  0:57  Barracks  
  13  1:03  SCV  
  14  1:11  Refinery  
  14  1:15  SCV  
  15  1:27  SCV  
  16  1:45  Orbital Command  
  16  1:59  Reaper  
  17  2:08  Command Center  
  17  2:12  SCV  
  18  2:24  SCV  
  18  2:28  Refinery  
  19  2:33  Barracks Reactor  
  19  2:34  Supply Depot  
  19  2:36  SCV  
  20  2:48  SCV  
  21  2:57  Factory  
  21  3:00  SCV  
  22  3:12  Marine x2  
  24  3:19  SCV  
  25  3:21  Orbital Command  
  24  3:29  Marine  
  24  3:31  SCV  
  26  3:42  Factory Tech Lab  
  26  3:43  SCV  
  26  3:46  Command Center  
  27  3:50  SCV  
  27  4:01  Bunker, Siege Tank  
  30  4:04  Marine  
  30  4:07  SCV, Bunker  
  31  4:14  Marine  
  31  4:29  Marine  
  31  4:32  Marine  
  31  4:33  SCV, Siege Tank  
  31  4:34  SCV  
  34  4:48  SCV  
  34  4:51  Marine  
  28  5:02  Marine  
  9  5:19  Marine  
Show
View Real Time Build Order
Export as new Build Order

Iron Terran 

Build Orders:  

Get SALT Encoding   

  8  0:14  SCV, Refinery  
  9  0:43  SCV  
  9  0:45  Supply Depot  
  10  0:55  SCV  
  11  1:13  Barracks  
  11  1:21  SCV  
  12  1:59  Engineering Bay  
  12  2:09  Barracks Reactor  
  12  2:16  SCV  
  13  2:49  Barracks  
  13  2:53  Marine  
  13  2:54  Marine  
  15  3:07  Supply Depot  
  15  3:10  Terran Infantry Weapons Level 1  
  15  3:42  Barracks Tech Lab  
  15  3:51  Marine x2  
  17  4:08  Marine  
  17  4:09  Marine  
  15  4:34  Marauder  
  15  4:36  Marine  
  15  4:37  Marine  
  17  4:54  Marine  
  14  5:22  Marine x2  
Tags
 
Add a new tag
Caveats
  • Supply blocks, unpowered buildings, or Contaminate may cause inaccurate times.
  • Supply counts are checked every 10 seconds.